AoeStats
← jphilkill

Black Forest

507780408Analyzed
4v4 RM · 13d ago on Sep 19, 2026· 61m 36s· 8 players
Game mode
Random Map
Map size
Large (8 player)
Population
200
Speed
Normal
Resources
Standard
Victory
Conquest
Starting age
Dark Age
Ending age
Imperial Age
RankedLock teamsTeams togetherTeam positionsShared explorationLock speedFull tech treeHidden civsTurbo modeCheats
Victory
Defeat
🇨🇳 Romans · China
978
+12
🇨🇳 Saracens · China
925
+15
🇹🇷 Sicilians · Türkiye
925
+15
🇺🇸 Slavs · United States
912
+15
🇧🇷 Bulgarians · Brazil
958
-17
🇪🇸 Turks · Spain
886
-14
🇩🇪 Celts · Germany
875
-13
🇨🇱 Tupi · Chile
868
-13
90_Archer
10:19 Loom
13:21 Feudal Age
14:14 Double-Bit Axe
17:11 Castle Age
15:23 Horse Collar
18:34 Bow Saw
22:35 Heavy Plow
23:20 Wheelbarrow
26:28 Heavy Plow
27:31 Scale Barding Armor
30:03 Town Watch
31:03 Bloodlines
30:53 Husbandry
31:02 Gold Mining
31:03 Stone Mining
33:45 Imperial Age
32:26 Chain Barding Armor
32:51 Light Cavalry
34:13 Forging
35:02 Gold Shaft Mining
34:57 Conscription
35:51 Plate Barding Armor
35:52 Iron Casting
36:42 Chemistry
35:29 Treadmill Crane
36:03 Caravan
36:29 Town Watch
39:07 Blast Furnace
38:07 Hussar
38:28 Elite Mameluke
39:20 Bimaristan
42:33 Fletching
44:06 Counterweights
44:42 Bodkin Arrow
46:06 Bracer
49:04 Padded Archer Armor
52:50 Coinage
61:55 Fervor
jstep
1:04 Loom
13:01 Feudal Age
14:26 Wheelbarrow
13:41 Double-Bit Axe
13:38 Horse Collar
19:08 Castle Age
17:13 Stone Mining
17:30 Gold Mining
20:25 Hand Cart
20:23 Bow Saw
20:15 Heavy Plow
31:22 Imperial Age
28:46 Town Watch
31:30 Masonry
31:16 Murder Holes
31:42 Ballistics
31:35 Forging
31:26 Scale Mail Armor
31:17 Fletching
30:51 Man-at-Arms
31:46 Detinets
32:49 Gold Shaft Mining
32:48 Crop Rotation
33:22 Two-Man Saw
32:34 Capped Ram
33:37 Conscription
33:26 Town Patrol
33:35 Scale Barding Armor
35:04 Chemistry
34:12 Siege Engineers
33:48 Sappers
34:25 Squires
33:46 Long Swordsman
33:48 Pikeman
35:30 Iron Casting
34:51 Bodkin Arrow
35:42 Druzhina
35:04 Two-Handed Swordsman
35:09 Siege Ram
36:25 Chain Mail Armor
37:08 Hoardings
36:56 Onager
37:42 Elite Boyar
39:35 Blast Furnace
39:06 Plate Mail Armor
38:57 Chain Barding Armor
38:40 Husbandry
39:34 Siege Onager
40:00 Heavy Scorpion
42:41 Champion
42:42 Halberdier
49:40 Plate Barding Armor
49:33 Padded Archer Armor
49:46 Fortified Wall
49:27 Guard Tower
53:13 Leather Archer Armor
54:35 Careening
54:38 Clinker Construction
55:01 Ring Archer Armor
54:45 Bloodlines
53:56 Light Cavalry
53:56 Cavalier
56:11 Caravan
56:41 Coinage
55:35 Hussar
56:41 Carvel Hull
56:42 Dry Dock
59:07 Banking
Hayallerde
0:31 Loom
16:18 Feudal Age
17:10 Town Watch
19:06 Double-Bit Axe
25:01 Horse Collar
30:39 Castle Age
41:12 Bow Saw
44:54 Imperial Age
42:33 Man-at-Arms
44:04 Light Cavalry
46:34 Wheelbarrow
46:32 Pikeman
46:40 Elite Skirmisher
48:24 Crossbowman
49:19 Forging
49:09 Scale Mail Armor
49:09 Padded Archer Armor
49:00 Fletching
50:15 Hand Cart
57:37 Onager
57:37 Heavy Scorpion
58:20 Elite Serjeant
59:03 Gold Mining
59:04 Stone Mining
59:17 Town Patrol
59:30 Heavy Plow
60:54 Hoardings
59:50 Sappers
Delete game
9:06 Loom
12:34 Feudal Age
12:55 Horse Collar
13:01 Double-Bit Axe
17:46 Castle Age
21:30 Wheelbarrow
23:35 Town Watch
24:08 Hand Cart
26:07 Bow Saw
26:00 Heavy Plow
26:56 Caravan
28:31 Gold Mining
28:31 Stone Mining
32:37 Gold Shaft Mining
32:25 Fletching
35:26 Imperial Age
34:19 Masonry
34:30 Ballistics
34:19 Town Patrol
34:17 Bodkin Arrow
34:07 Pikeman
34:47 Squires
34:50 Scale Mail Armor
35:00 Forging
36:10 Chain Mail Armor
35:55 Murder Holes
36:26 Halberdier
37:43 Iron Casting
36:48 Heavy Scorpion
38:34 Chemistry
37:40 Siege Engineers
38:14 Crop Rotation
38:16 Conscription
37:30 Capped Ram
39:28 Ballistas
39:47 Siege Ram
42:35 Blast Furnace
41:35 Padded Archer Armor
41:40 Scale Barding Armor
45:01 Husbandry
45:11 Bloodlines
44:25 Light Cavalry
46:21 Chain Barding Armor
46:16 Leather Archer Armor
46:50 Fervor
47:13 Architecture
46:53 Fortified Wall
48:56 Plate Barding Armor
47:46 Cavalier
48:50 Comitatenses
48:43 Onager
52:27 Ring Archer Armor
51:50 Guard Tower
54:43 Elite Centurion
59:09 Coinage
58:50 Guilds
59:19 Keep
alberto.93.cabra
10:39 Loom
12:55 Feudal Age
19:02 Castle Age
24:40 Husbandry
25:06 Horse Collar
29:24 Scale Barding Armor
30:09 Double-Bit Axe
32:17 Forging
37:26 Imperial Age
36:52 Wheelbarrow
37:32 Chain Barding Armor
38:24 Hand Cart
40:28 Plate Barding Armor
40:28 Iron Casting
40:50 Squires
41:23 Town Watch
41:42 Heavy Plow
41:55 Bow Saw
43:32 Heavy Camel Rider
46:53 Bloodlines
47:49 Blast Furnace
48:01 Conscription
NeverArabia
11:41 Feudal Age
12:13 Loom
21:41 Castle Age
19:48 Double-Bit Axe
20:42 Stone Mining
20:48 Gold Mining
21:26 Horse Collar
22:23 Heavy Plow
24:34 Fervor
27:23 Bow Saw
32:45 Wheelbarrow
32:53 Wheelbarrow
35:34 Imperial Age
33:46 Scale Barding Armor
33:52 Forging
34:52 Gold Shaft Mining
34:52 Stone Shaft Mining
34:36 Hand Cart
35:53 Chain Barding Armor
36:08 Iron Casting
36:09 Bloodlines
35:59 Husbandry
37:53 Plate Barding Armor
38:18 Blast Furnace
39:57 Crop Rotation
39:45 Gambesons
40:01 Squires
39:47 Arson
40:06 Scale Mail Armor
41:08 Conscription
40:45 Stirrups
40:12 Elite Konnik
42:43 Chain Mail Armor
45:26 Chemistry
44:32 Siege Engineers
44:48 Ballistics
45:13 Pikeman
46:26 Plate Mail Armor
46:08 Halberdier
46:16 Light Cavalry
51:09 Fletching
51:20 Padded Archer Armor
jphilkill
1:14 Loom
11:30 Feudal Age
17:38 Castle Age
20:23 Wheelbarrow
19:50 Horse Collar
19:59 Double-Bit Axe
23:02 Bow Saw
34:28 Heavy Plow
34:36 Scale Mail Armor
38:43 Gold Mining
38:46 Stone Mining
39:18 Hand Cart
42:28 Imperial Age
39:45 Pikeman
41:21 Gold Shaft Mining
41:16 Elite Skirmisher
42:29 Ballistics
43:38 Conscription
42:41 Halberdier
44:36 Forging
44:42 Chain Mail Armor
44:29 Padded Archer Armor
44:19 Fletching
46:01 Chemistry
45:08 Siege Engineers
45:26 Onager
47:35 Fortified Wall
47:08 Siege Onager
48:17 Furor Celtica
53:43 Scale Barding Armor
54:08 Plate Mail Armor
54:14 Iron Casting
53:34 Bodkin Arrow
53:55 Leather Archer Armor
53:37 Murder Holes
53:53 Cavalier
54:35 Husbandry
54:58 Paladin
57:50 Ring Archer Armor
CoMarKa
0:28 Loom
14:57 Feudal Age
16:34 Double-Bit Axe
18:19 Horse Collar
25:27 Castle Age
24:54 Stone Mining
25:29 Town Watch
26:31 Heavy Plow
26:49 Bow Saw
28:42 Crossbowman
31:44 Gold Mining
35:07 Murder Holes
34:52 Treadmill Crane
35:17 Padded Archer Armor
41:44 Imperial Age
42:25 Arson
Connection lost

Rejoining the realm…

Still unreachable

The connection could not be restored.

Session expired

The server has moved on; the page needs a fresh start.